 Dungeon Crawl Stone Soup version 0.30-a0-800-g7c544603b3 (webtiles) character file.

Game seed: 16990288236680519572

67 Aneyh the Poker (level 4, -3/28 HPs)
             Began as a Tengu Monk on Feb 22, 2023.
             Slain by a gnoll
             ... wielding a +0 club
              (6 damage)
             ... on level 2 of the Dungeon.
             The game lasted 00:03:09 (1569 turns).

Aneyh the Poker (Tengu Monk)                        Turns: 1569, Time: 00:03:10

Health: -3/28      AC:  2    Str: 13    XL:     4   Next: 18%
Magic:  5/5        EV: 13    Int: 10    God:
Gold:   41         SH:  0    Dex: 17    Spells: 3/3 levels left

rFire   . . .      SeeInvis .    a - +0 spear
rCold   . . .      Faith    .    (no shield)
rNeg    . . .      Spirit   .    d - +0 robe
rPois   .          Reflect  .    (helmet restricted)
rElec   .          Harm     .    (no cloak)
rCorr   .          Rampage  .    (no gloves)
Will    .....                    (boots unavailable)
Stlth   ++                       m - amulet of the acrobat
HPRegen 0.24/turn                (no ring)
MPRegen 0.09/turn                (no ring)

@: no status effects
A: beak, talons 3
a: no special abilities


You were on level 2 of the Dungeon.
You visited 1 branch of the dungeon, and saw 3 of its levels.

You collected 41 gold pieces.

Inventory:

Hand Weapons
 a - a +0 spear (weapon)
 b - a +0 sling of freezing
 l - a +0 sling
Armour
 d - a +0 robe (worn)
 o - a +0 pair of gloves
Jewellery
 m - an amulet of the acrobat (around neck)
Scrolls
 e - 3 scrolls of identify {unknown}
 f - 2 scrolls of amnesia {unknown}
 g - 2 scrolls of torment {unknown}
 h - 2 scrolls of teleportation {unknown}
 j - a scroll of magic mapping {unknown}
 p - a scroll of immolation {unknown}
Potions
 c - 2 potions of ambrosia
 i - a potion of berserk rage {unknown}
 k - a potion of magic {unknown}
 n - a potion of curing {unknown}


   Skills:
 - Level 3.0 Fighting
 + Level 5.4 Polearms
 - Level 3.2 Dodging
 - Level 2.0 Stealth


You had 3 spell levels left.
You didn't know any spells.
Your spell library contained the following spells:

 Spells                   Type           Power      Damage    Failure   Level
 Ozocubu's Armour         Ice            0%         N/A       75%         3
 Airstrike                Air            0%         2d(0-16)  98%         4
 Summon Lightning Spire   Summ/Air       0%         N/A       98%         4
 Lightning Bolt           Conj/Air       0%         1d11      100%        5
 Metabolic Englaciation   Hex/Ice        0%         N/A       100%        5
 Simulacrum               Ice/Necr       0%         N/A       100%        6


Dungeon Overview and Level Annotations

Branches:
Dungeon (3/15)

Altars:
Sif Muna


Innate Abilities, Weirdness & Mutations

You have a beak for a mouth.
You have claws for feet.


Message History

You see here a +0 whip.
The gnoll attacks as you move away! The gnoll misses you.
The gnoll attacks as you move away! The gnoll completely misses you.
The gnoll throws a throwing net.
The throwing net completely misses you.
There is an open door here.
You see here a throwing net.
The gnoll throws a throwing net.
The throwing net misses you.
You see here a throwing net.
There is a stone staircase leading up here.
You shoot a sling bullet.
The sling bullet barely misses the gnoll.
Your +0 sling of freezing stops glowing.
a - a +0 spear (weapon)
You reach to attack!
You closely miss the gnoll. You closely miss the gnoll.
The gnoll hits you with a +0 club.
The gnoll hits you from afar with a +0 spear.
The gnoll hits you with a +0 club.
You climb upwards.
There is a stone staircase leading down here.
You hit the gnoll. Your kick misses the gnoll.
You peck the gnoll, but do no damage.
The gnoll is moderately wounded.
The gnoll barely misses you.
You hit the gnoll but do no damage.
The gnoll is moderately wounded.
The gnoll hits you with a +0 club.
You hit the gnoll. You peck the gnoll, but do no damage.
The gnoll is moderately wounded.
The gnoll hits you with a +0 club.
* * * LOW HITPOINT WARNING * * *
You barely miss the gnoll. You claw the gnoll. Your peck misses the gnoll.
The gnoll is severely wounded.
You closely miss the gnoll.
The gnoll is severely wounded.
The gnoll hits you with a +0 club.
* * * LOW HITPOINT WARNING * * *
You closely miss the gnoll.
The gnoll is severely wounded.
The gnoll hits you with a +0 club.
You die...

#####.######...#
##.# #...# #..#
##.#.##### #.##
#..#.....## #.#
#.######... #.#
#.# #### #.#
##.# ###. #g#
#..# ###... ##@#
#.## ##...##
#..# #.# #..###
#.######.####.##
#.# #......##.#
#.# #.........#
#.# #.......###
#.# #......##
#.# #......#
##.# #......#


You could see a gnoll.

Vanquished Creatures
  2 adders
  3 bats
  4 endoplasms
  A giant cockroach (D:2)
  5 goblins
  7 hobgoblins
  2 quokkas
  3 ball pythons
  5 frilled lizards
  10 kobolds
  5 rats
47 creatures vanquished.

Vanquished Creatures (others)
  8 plants (D:2)
  6 toadstools (D:1)
14 creatures vanquished.

Grand Total: 61 creatures vanquished

Notes
Turn   | Place    | Note
-------+----------+-------------------------------------------
     0 | D:1      | Aneyh the Tengu Monk began the quest for the Orb.
     0 | D:1      | Reached XP level 1. HP: 14/14 MP: 2/2
   120 | D:1      | Found a faded altar of an unknown god.
   127 | D:1      | Reached XP level 2. HP: 19/19 MP: 3/3
   205 | D:1      | Reached skill level 4 in Polearms
   492 | D:1      | You fall into a shaft and drop 1 floor!
   611 | D:2      | Reached XP level 3. HP: 23/23 MP: 4/4
   997 | D:2      | Reached skill level 5 in Polearms
  1373 | D:3      | Reached XP level 4. HP: 28/28 MP: 5/5
  1529 | D:3      | Found a shimmering blue altar of Sif Muna.
  1569 | D:2      | Slain by a gnoll

Illustrated notes

Levels and vault maps discovered:
D:1:      sevenhm_arrival_forest_fort_large_4, layout_basic,
          chequers_ecumenical_altar_simple_redux, minmay_gold_behind_fungi
D:2:      layout_rooms, lexackson_kobold_supper
D:3:      layout_loops_corners, nicolae_sif_muna_condensation, tgw_trog

Skill      XL: |  1  2  3 |
---------------+----------+-----
Polearms       | 4 5 |  5.4
Fighting       | |  3.0
Dodging        | |  3.2
Stealth        | |  2.0

Action                     |  1- 3 |  4- 6 || total
---------------------------+-------+-------++-------
  Melee: Spear             |    48 |     8 ||    56
         Kick              |     8 |     1 ||     9
         Peck              |     5 |     2 ||     7
   Fire: Sling             |    70 |    10 ||    80
   Stab: Sleeping          |     1 |       ||     1
 Armour: Robe              |     7 |       ||     7
  Dodge: Dodged            |    33 |     7 ||    40

Table legend: (Time is in decaauts)
 A = Elapsed time spent in this place.
 B = Non-inter-level travel time spent in this place.
 C = Inter-level travel time spent in this place.
 D = Time resting spent in this place.
 E = Time spent auto-exploring this place.
 F = Levels seen in this place.
 G = Mean time per level.
                   A        B        C        D        E       F      G
               +--------+--------+--------+--------+--------+-----+--------+
         Total |   1585 |   1548 |     37 |    142 |   1094 |   3 |  528.3 |
       Dungeon |   1585 |   1548 |     37 |    142 |   1094 |   3 |  528.3 |
               +--------+--------+--------+--------+--------+-----+--------+

Top non-repeatable levels by time:
     D:2: 748 daAuts
     D:1: 494 daAuts
     D:3: 342 daAuts
